 Dungeon Crawl Stone Soup version 0.19.1-1-g22dce08 (webtiles) character file.

121 theAP the Stinger (level 4, -7/24 HPs)
             Began as a Deep Elf Venom Mage on Jan 8, 2017.
             Mangled by Pikel
             ... wielding a +1 whip of electrocution
              (17 damage)
             ... on level 3 of the Dungeon.
             The game lasted 00:11:41 (3549 turns).

theAP the Stinger (Deep Elf Venom Mage)             Turns: 3549, Time: 00:11:41

Health: -7/24      AC:  3    Str:  5    XL:     4   Next: 77%
Magic:  9/12       EV: 13    Int: 21    God:
Gold:   193        SH:  0    Dex: 15    Spells: 2 memorised, 8 levels left

rFire  . . .     SeeInvis .     (no weapon)
rCold  . . .     Gourm    .     k - +0 robe (curse)
rNeg   . . .     Faith    .     (no shield)
rPois  .         Spirit   .     (no helmet)
rElec  .         Reflect  .     (no cloak)
rCorr  .         Harm     .     q - +0 pair of gloves
MR     .....                    (no boots)
Stlth  ++........               (no amulet)
                                (no ring)
                                (no ring)

@: no status effects
A: no striking features
a: no special abilities


You were on level 3 of the Dungeon.
You were hungry.

You visited 1 branch of the dungeon, and saw 4 of its levels.

You collected 193 gold pieces.

Inventory:

Hand Weapons
 l - a +0 club
Armour
 a - a +0 robe
 k - a cursed +0 robe (worn)
 q - a +0 pair of gloves (worn)
 r - a +0 robe of positive energy
Scrolls
 n - 2 scrolls of magic mapping
 o - a scroll of recharging
 p - 2 scrolls of identify
 t - a scroll of remove curse {unknown}
Potions
 d - a potion of might {unknown}
 e - a potion of lignification
 f - a potion of cancellation {unknown}
 g - a potion of heal wounds
 h - 2 potions of degeneration {unknown}
 j - a potion of flight {unknown}
 s - a potion of cure mutation {unknown}
Books
 b - a Young Poisoner's Handbook

   Spells                             Type                      Level
   a - Sting                          Conjuration/Poison           1
   b - Mephitic Cloud                 Conjuration/Poison/Air       3
   c - Olgreb's Toxic Radiance        Poison                       4
   d - Alistair's Intoxication        Transmutation/Poison         5
   e - Venom Bolt                     Conjuration/Poison           5
Comestibles
 c - 4 bread rations
 i - a beef jerky
 m - 3 fruits


   Skills:
 - Level 2.7 Dodging
 - Level 2.5 Stealth
 + Level 4.5 Spellcasting
 * Level 2.7 Conjurations
 + Level 5.1 Poison Magic


You had 8 spell levels left.
You knew the following spells:

 Your Spells              Type           Power        Failure   Level  Hunger
a - Sting                 Conj/Pois      ###.         1%          1    None
b - Mephitic Cloud        Conj/Pois/Air  ###.....     14%         3    ##.....


Dungeon Overview and Level Annotations

Branches:
Dungeon (4/15)
 Temple: D:4-7

Altars:
Dithmenos
Fedhas
Hepliaklqana
Okawaru
Ru
Sif Muna

Annotations:
D:3 Pikel
D:4 Lluna's ghost, amateur SpEn


Message History

Casting: Sting
Confirm with . or Enter, or press ? or * to list all spells.
Aiming: Sting
Press: ? - help, Shift-Dir - straight line, f/p - Pikel
Aim: Pikel, wielding a whip of electrocution and wearing a robe (lightly wounded, poisoned)
The sting misses Pikel.
The kobold shouts!
Pikel barely misses you.
The kobold throws a stone.
The stone barely misses you.
Casting: Sting
Confirm with . or Enter, or press ? or * to list all spells.
Aiming: Sting
Press: ? - help, Shift-Dir - straight line, f/p - Pikel
Aim: Pikel, wielding a whip of electrocution and wearing a robe (lightly wounded, poisoned)
The sting hits Pikel.
Pikel appears unharmed.
Pikel is lightly wounded.
Pikel hits you with a whip of electrocution.
You are electrocuted!
Ouch! That really hurt!
You die...

##.### #.# #......<...######.
>....# ####.# ##.##.............
##.#.# #....# #.##.#.########..
#.#.# #.##.## #.##.#.# #.. #.#.#
#.....###.##.#.# #.# ##.#.#
#.P.P..........## #.#
...#.####.._...##.......# #.#
##.....##.P.P.######.##.# #.#
#.#.#.##K......@K...##.#######.#
#.#.........##########.........#
#.###.###...# ###########
#.....# ##### #######


You could see Pikel and a kobold.

Vanquished Creatures
  A slave (D:3)
  4 adders
  2 worms (D:3)
  2 dart slugs
  3 leopard geckos
  2 ball pythons
  3 giant cockroaches
  3 goblins
  9 hobgoblins
  7 jackals
  10 kobolds
  3 quokkas
  10 bats
  4 frilled lizards
  7 rats
70 creatures vanquished.

Notes
Turn   | Place    | Note
-------+----------+-------------------------------------------
     0 | D:1      | theAP the Deep Elf Venom Mage began the quest for the Orb.
     0 | D:1      | Reached XP level 1. HP: 10/10 MP: 6/6
   230 | D:1      | Reached XP level 2. HP: 15/15 MP: 0/8
  1270 | D:2      | Found a shadowy altar of Dithmenos.
  1287 | D:2      | Reached XP level 3. HP: 17/19 MP: 2/10
  1448 | D:2      | Reached skill level 1 in Conjurations
  2046 | D:2      | Reached skill level 5 in Poison Magic
  2221 | D:2      | Found a sacrificial altar of Ru.
  2281 | D:2      | Reached XP level 4. HP: 24/24 MP: 7/12
  2344 | D:2      | Learned a level 3 spell: Mephitic Cloud
  2574 | D:3      | Found a deep blue altar of Sif Muna.
  2578 | D:3      | Found a hazy altar of Hepliaklqana.
  2677 | D:3      | Found a blossoming altar of Fedhas.
  2711 | D:3      | Found an iron altar of Okawaru.
  3198 | D:4      | Noticed Pikel
  3198 | D:4      | Noticed a slave
  3198 | D:4      | Noticed a slave
  3198 | D:4      | Noticed a slave
  3200 | D:4      | Noticed a slave
  3207 | D:3      | Killed a slave
  3411 | D:4      | Noticed Lluna's ghost (amateur SpEn)
  3549 | D:3      | Mangled by Pikel

Skill      XL: |  1  2  3  4 |
---------------+-------------+-----
Conjurations   | 1 2 |  2.7
Spellcasting   | 4 |  4.5
Poison Magic   | 5 |  5.1
Dodging        | |  2.7
Stealth        | |  2.5

Action                   |  1- 3 |  4- 6 || total
-------------------------+-------+-------++-------
Melee: Unarmed           |    10 |     3 ||    13
 Cast: Sting             |   100 |    65 ||   165
  Use: Scroll            |     6 |     1 ||     7
       Potion            |       |     1 ||     1
  Eat: Chunk             |     4 |     3 ||     7
Armor: Robe              |     8 |     8 ||    16
Dodge: Dodged            |    47 |    20 ||    67
